 Dungeon Crawl Stone Soup version 0.17.2-1-ge4368a0 (webtiles) character file.

13 ololoev the Chopper (level 2, 0/24 HPs)
             Began as a Demonspawn Berserker on July 28, 2016.
             Was a Follower of Trog.
             Succumbed to an adder's poison
             ... on level 2 of the Dungeon.
             The game lasted 00:00:43 (103 turns).

ololoev the Chopper (Demonspawn Berserker)           Turns: 103, Time: 00:00:43

Health: 0/24       AC:  2    Str: 17    XL:     2   Next: 24%
Magic:  2/2        EV: 12    Int:  8    God:    Trog [*.....]
Gold:   8          SH:  0    Dex: 12    Spells: 0 memorised, 1 level left

rFire  . . .     SeeInvis .     a - +0 hand axe
rCold  . . .     Clarity  .     b - +0 animal skin
rNeg   . . .     SustAt   .     (no shield)
rPois  .         Gourm    .     (helmet restricted)
rElec  .         Spirit   .     (no cloak)
rCorr  .         Warding  .     (no gloves)
rMut   .         Stasis   .     (no boots)
MR     .....                    (no amulet)
Stlth  +.........               (no ring)
                                (no ring)

@: lethally poisoned (0 -> -10), exhausted, not resistant to hostile
enchantments, very unstealthy
A: horns 1
a: Berserk, Burn Spellbooks, Renounce Religion


Innate Abilities, Weirdness & Mutations

You have a pair of small horns on your head.

Inventory:

Hand Weapons
 a - a +0 hand axe (weapon)
Armour
 b - a +0 animal skin (worn)
Potions
 d - a potion of curing {unknown}
Comestibles
 c - a bread ration
 f - 2 chunks of flesh


   Skills:
 - Level 3.0 Fighting
 * Level 3.1 Axes
 + Level 1.9 Armour
 + Level 2.0 Dodging


You had one spell level left.
You didn't know any spells.


You were on level 2 of the Dungeon.
You worshipped Trog.
Trog was aware of your devotion.
You were not hungry.

You visited 1 branch of the dungeon, and saw 2 of its levels.

You collected 8 gold pieces.

#<.. #... # ###..$ .# #.....
#.# #.#...####..#
#..........###.
##.#.#.#S#...... .......@....#
.##.#.#.#.#.#####.<
..#...............#
....#.#.#.#...####
.................###
.........#.#.#.#..###
......................
.............#################
..............................

Notes
Turn   | Place    | Note
--------------------------------------------------------------
     0 | D:1      | ololoev the Demonspawn Berserker began the quest for the Orb.
     0 | D:1      | Reached XP level 1. HP: 18/18 MP: 1/1
    71 | D:2      | Gained mutation: You have a pair of small horns on your head. [demonic ancestry]
    71 | D:2      | Reached XP level 2. HP: 5/24 MP: 2/2
   103 | D:2      | Succumbed to an adder's poison

Dungeon Overview and Level Annotations

Branches:
Dungeon (2/15)

Altars:


Message History

Your Dodging skill increases to level 2!
You have reached level 2!
Your demonic ancestry asserts itself...
A pair of horns grows on your head!
You see here an adder corpse.
You butcher the adder corpse.
You enjoyed that.
f - 2 chunks of flesh You feel a strong urge to attack something.
You are no longer berserk.
You are exhausted.
You feel yourself slow down.
Found a stone staircase leading up.
An adder comes into view.
Found 15 gold pieces.
The adder closely misses you. The adder bites you but does no damage.
Found a stone staircase leading up.
You hit the adder.
The adder is moderately wounded.
The adder bites you. The adder barely misses you.
You hit the adder.
The adder is heavily wounded.
The adder barely misses you. The adder misses you.
You closely miss the adder. Your headbutt misses the adder.
The adder is heavily wounded.
The adder barely misses you. The adder bites you.
You are lethally poisoned!
The adder poisons you! The adder bites you.
You are more poisoned.
The adder poisons you!
Unknown command.
Unknown command.
Unknown command.
Unknown command.
Unknown command.
Unknown command.
Unknown command.
You barely miss the adder.
The adder is heavily wounded.
You feel yourself speed up.
You die...

You could see an adder.

Vanquished Creatures
  An adder (D:2)
  A goblin (D:2)
  A bat (D:2)
  A kobold (D:2)
  A rat (D:2)
5 creatures vanquished.

Action                   || total
-------------------------++-------
Melee: Hand axe          ||    23
Invok: Berserk           ||     1

Vault maps used:
D:1:      dpeg_arrival_arbitrary_c
D:2:      serial_co_window_serial, co_window_corner_a, co_window_paths_a,
          co_window_paths_a, co_window_corner_a, co_window_of_opportunity_a,
          co_window_paths_a, co_window_corner_a, co_window_2corner,
          co_window_broadway_a, co_window_corner_b, glass_columns_c,
          glass_columns_a, glass_columns_a, glass_columns_b,
          minmay_strange_pillars
